 Dungeon Crawl Stone Soup version 0.31-a0-232-gb1c03b2570 (webtiles) character file.

Game seed: 17548065021352529402

14282 qw the Skirmisher (level 12, 0/76 HPs)
             Began as a Gargoyle Hexslinger on July 6, 2023.
             Was an Elder of Okawaru.
             Slain by a death yak (19 damage)
             ... on level 2 of the Lair of Beasts.
             The game lasted 00:04:37 (10831 turns).

qw the Skirmisher (Gargoyle Hexslinger)            Turns: 10831, Time: 00:04:37

Health: 0/76       AC: 23    Str: 12    XL:     12   Next: 14%
Magic:  17/17      EV: 25    Int: 15    God:    Okawaru [****..]
Gold:   244        SH:  0    Dex: 22    Spells: 12/13 levels left

rFire   + . .        Y - +2 hand crossbow (flame)
rCold   . . .        (no shield)
rNeg    + . .        f - +2 robe {rF+}
rPois   inf          o - +0 helmet
rElec   +            n - +2 cloak
rCorr   .            k - +0 pair of gloves
SInv    .            g - +2 pair of boots of Fortification {rElec}
Will    .....        (no amulet)
Stlth   +++          j - +5 ring of evasion
HPRegen 0.32/turn    s - +6 ring of dexterity
MPRegen 0.15/turn

%: no passive effects
@: about to teleport, heroic
A: sickness immunity, AC +8, negative energy resistance 1, electricity
resistance, torment resistance 1, petrification resistance
a: Renounce Religion, Heroism, Finesse


You were on level 2 of the Lair of Beasts.
You worshipped Okawaru.
Okawaru was greatly pleased with you.
You visited 3 branches of the dungeon, and saw 12 of its levels.

You collected 653 gold pieces.
You spent 409 gold pieces at shops.


Innate Abilities, Weirdness & Mutations

You are immune to sickness and miasma.
Your stone body is resilient. (AC +8)
You are immune to poison.
You resist negative energy. (rN+)
You are resistant to electric shocks. (rElec)
You are resistant to unholy torment.
You are immune to petrification.


   Skills:
 - Level 9.0(14.0) Fighting
 + Level 13.9(18.9) Ranged Weapons
 - Level 5.3(10.3) Armour
 - Level 5.4(10.4) Dodging
 - Level 1.0 Spellcasting
 - Level 2.6 Hexes
 + Level 7.9 Invocations


You had 12 spell levels left.
You knew the following spells:

 Your Spells              Type           Power      Damage    Failure   Level
a - Slow                  Hex            32%        N/A       9%          1

Your spell library contained the following spells:

 Spells                   Type           Power      Damage    Failure   Level
 Inner Flame              Hex/Fire       4%         N/A       38%         3
 Portal Projectile        Hex/Tloc       8%         N/A       38%         3
 Cause Fear               Hex            4%         N/A       63%         4

Inventory:

Hand Weapons
 Y - a +2 hand crossbow of flaming (weapon)
Armour
 f - a +2 robe of fire resistance (worn)
 g - the +2 pair of boots of Fortification (worn) {rElec}
   (You acquired it on level 7 of the Dungeon)

   rElec:     It insulates you from electricity.
 k - a +0 pair of gloves (worn)
 n - a +2 cloak (worn)
 o - a +0 helmet (worn)
Jewellery
 c - a ring of see invisible
 j - a +5 ring of evasion (left hand)
 s - a +6 ring of dexterity (right hand)
Wands
 b - a wand of digging (5)
Scrolls
 a - a scroll of identify
Potions
 e - a potion of magic
 h - 2 potions of curing
 i - 3 potions of haste
 l - 2 potions of might
 m - a potion of mutation
 p - 2 potions of enlightenment

Dungeon Overview and Level Annotations

Branches:
Dungeon (9/15)             Temple (1/1) D:4            Lair (2/5) D:9
  Swamp: Lair:2-3    Shoals: Lair:2-3     Snake: Lair:2-3    Spider: Lair:2-3
    Orc: D:9-12

Altars:
Ashenzari
Cheibriados
Dithmenos
Elyvilon
Fedhas
Gozag
Hepliaklqana
Kikubaaqudgha
Makhleb
Nemelex Xobeh
Okawaru
Qazlal
Ru
Sif Muna
Trog
Uskayaw
Vehumet
Wu Jian
Xom
Yredelemnul
Zin
The Shining One

Shops:
D:3 [   D:8 =:([*

Annotations:
D:2 1 runed translucent door, Crazy Yiuf
Lair:1 3 runed translucent doors, qw's ghost, journeyman GrHu


Message History

You shoot a bolt. The bolt hits the death yak.
The bolt burns the death yak.
The death yak is severely wounded.
The death yak misses you. The death yak barely misses you.
You shoot a bolt. The bolt hits the death yak!!
The bolt burns the death yak.
The death yak is almost dead.
The death yak completely misses you.
You shoot a bolt. The bolt hits the death yak.
The bolt burns the death yak.
The death yak is lightly wounded.
The death yak gores you!
You shoot a bolt. The bolt hits the death yak!
The bolt burns the death yak.
The death yak is moderately wounded.
The death yak gores you! The death yak barely misses you.
You shoot a bolt.
The bolt hits the death yak but does no damage.
The death yak is moderately wounded.
The death yak misses you. The death yak closely misses you.
You shoot a bolt. The bolt hits the death yak!
The bolt burns the death yak.
You kill the death yak!
Okawaru accepts your kill. The death yak barely misses you.
The death yak completely misses you.
You shoot a bolt. The bolt hits the death yak.
The bolt burns the death yak.
The death yak is moderately wounded.
The death yak closely misses you. The death yak barely misses you.
You shoot a bolt. The bolt hits the death yak!
The bolt burns the death yak.
The death yak is heavily wounded.
The death yak gores you. The death yak gores you!
You shoot a bolt. The bolt hits the death yak.
The bolt burns the death yak.
The death yak is heavily wounded.
The death yak completely misses you. The death yak misses you.
You shoot a bolt. The bolt barely misses the death yak.
The death yak completely misses you. The death yak closely misses you.
You shoot a bolt.
The bolt hits the death yak but does no damage.
The death yak is heavily wounded.
The death yak gores you. The death yak gores you!
10831 ||| READING scroll of teleportation.
As you read the scroll of teleportation, it crumbles to dust.
You feel strangely unstable. The death yak gores you!!
You die... .....# 77...77P777...# ..P.# 77....P77P777..# ....### 7...7777 7P7

..# ......7
777...777P77 ..
.#....7777777777..7P7
.#P.#....Y77..7....7
######..Y%...[....77
#P..7..7777....7
##777P77....@777
77777..YY7 777....
77..... ....77 #.....
....<. #.....


You could see 2 death yaks.

Vanquished Creatures
  Harold (Lair:1)
  Erica (Lair:1)
  A two-headed ogre (D:7)
  3 death yaks (Lair:2)
  Nergalle (Lair:1)
  A deep elf pyromancer (D:9)
  An elephant (Lair:2)
  A black mamba (Lair:2)
  4 cane toads
  A kobold demonologist (D:9)
  Psyche (D:9)
  2 komodo dragons (Lair:1)
  Grinder (D:4)
  A hornet (D:8)
  2 wyverns
  15 yaks (Lair:1)
  A basilisk (Lair:2)
  A steam dragon (D:7)
  3 wargs (D:9)
  An acid dragon (D:8)
  2 water moccasins
  2 ice beasts
  2 sky beasts
  An orc warrior (D:9)
  3 black bears
  An ogre (D:7)
  A centaur (D:7)
  A phantom (D:5)
  2 kobold brigands (D:9)
  10 bullfrogs
  4 scorpions
  2 electric eels
  2 howler monkeys (D:9)
  A quasit (D:6)
  6 hounds
  A jelly (D:7)
  7 orc priests
  Ijyb (D:5)
  2 sleepcaps (D:7)
  Natasha (thrice) (D:4)
  13 orc wizards
  Robin (D:4)
  An adder (D:6)
  2 shadow imps (D:6)
  4 white imps (D:6)
  6 dart slugs
  3 worms
  37 orcs
  5 ball pythons
  7 bats
  8 endoplasms
  6 giant cockroaches
  5 hobgoblins
  8 jackals
  15 kobolds
  6 quokkas
  A frilled lizard (D:3)
  16 goblins
  5 rats
246 creatures vanquished.

Vanquished Creatures (others)
  A ball python (D:4)
1 creature vanquished.

Grand Total: 247 creatures vanquished

Notes
Turn   | Place    | Note
-------+----------+-------------------------------------------
     0 | D:1      | qw the Gargoyle Hexslinger began the quest for the Orb.
     0 | D:1      | Reached XP level 1. HP: 12/12 MP: 2/2
     0 | D:1      | 0 ||| qw: Version: 0.3-a-46-gb1f654a
     0 | D:1      | 0 ||| qw: Game counter: 2124
     0 | D:1      | 0 ||| qw: Melee chars always use a shield: true
     0 | D:1      | 0 ||| qw: God list: Okawaru
     0 | D:1      | 0 ||| qw: Allow faded altars: false
     0 | D:1      | 0 ||| qw: Do Orc after clearing Dungeon:15 true
     0 | D:1      | 0 ||| qw: Do second Lair branch before Depths: true
     0 | D:1      | 0 ||| qw: Lair rune preference: random
     0 | D:1      | 0 ||| qw: Goals: Normal
     0 | D:1      | 0 ||| PLANNING D:1-11
   196 | D:1      | HP: 3/12 [goblin/+0 club (4)]
   197 | D:1      | HP: 1/12 [kobold/+0 short sword (2)]
   199 | D:1      | Reached XP level 2. HP: 2/16 MP: 3/3
   204 | D:1      | HP: 3/16 [quokka (1)]
   389 | D:1      | Reached skill level 3 in Ranged Weapons
   743 | D:1      | Reached XP level 3. HP: 21/21 MP: 4/4
   861 | D:1      | 861 ||| UPGRADING to +5 ring of evasion.
   862 | D:1      | 862 ||| READING scroll labelled XAADATH LIYD.
   863 | D:1      | 863 ||| READING scroll labelled BEEVVA QEOV.
   864 | D:1      | 864 ||| READING scroll labelled DAETIREOPN.
   865 | D:1      | 865 ||| DRINKING 2 white potions.
   899 | D:1      | 899 ||| DROPPING scroll of poison.
   900 | D:1      | 900 ||| DROPPING potion of lignification.
  1090 | D:2      | Found a faded altar of an unknown god.
  1138 | D:2      | Found a hide-covered altar of Uskayaw.
  1675 | D:2      | HP: 5/21 [orc/+0 whip (2)]
  1678 | D:2      | Reached XP level 4. HP: 7/26 MP: 5/5
  1757 | D:2      | 1757 ||| UPGRADING to +0 leather armour.
  1839 | D:2      | 1839 ||| UPGRADING to +0 leather armour.
  1844 | D:2      | 1844 ||| DROPPING +0 robe.
  2032 | D:2      | Found a runed translucent door.
  2033 | D:2      | Noticed Crazy Yiuf
  2036 | D:2      | 2036 ||| READING scroll labelled KAOFOU IMOILU.
  2037 | D:2      | 2037 ||| DRINKING 2 viscous white potions.
  2144 | D:2      | 2144 ||| DRINKING 2 yellow potions.
  2145 | D:2      | 2145 ||| DROPPING potion of berserk rage.
  2193 | D:3      | 2193 ||| STAIRDANCE
  2207 | D:2      | Reached skill level 4 in Ranged Weapons
  2382 | D:3      | Found Qyffed's Armour Shop.
  2388 | D:3      | 2388 ||| BUYING +0 pair of boots (45 gold).
  2388 | D:3      | Bought a +0 pair of boots for 45 gold pieces
  2388 | D:3      | 2388 ||| BUYING +0 pair of gloves (45 gold).
  2388 | D:3      | Bought a +0 pair of gloves for 45 gold pieces
  2388 | D:3      | 2388 ||| SHOPLISTING +1 robe of Greed {Harm Will+ Regen+}
                  | (183 gold, have 21).
  2433 | D:3      | 2433 ||| READING scroll of enchant weapon.
  2433 | D:3      | 2433 ||| ENCHANTING +2 sling.
  2576 | D:3      | Found a hazy altar of Hepliaklqana.
  2748 | D:3      | 2748 ||| UPGRADING to +0 pair of boots.
  2753 | D:3      | 2753 ||| UPGRADING to +0 pair of gloves.
  2758 | D:3      | 2758 ||| READING scroll labelled BUCVEOCK REQO.
  2859 | D:3      | 2859 ||| READING scroll labelled ATRUBLIPTY.
  2863 | D:3      | 2863 ||| DRINKING 2 metallic red potions.
  3015 | D:4      | Reached XP level 5. HP: 26/30 MP: 6/6
  3025 | D:4      | Reached skill level 5 in Ranged Weapons
  3027 | D:4      | 3027 ||| FLEEEEING.
  3029 | D:4      | 3029 ||| FLEEEEING.
  3032 | D:4      | 3032 ||| FLEEEEING.
  3119 | D:4      | Found a staircase to the Ecumenical Temple.
  3121 | D:4      | 3121 ||| PLANNING TEMPLE
  3121 | D:4      | 3121 ||| UPGRADING to +0 ring mail.
  3131 | D:4      | 3131 ||| DROPPING +0 leather armour.
  3141 | Temple   | Entered the Ecumenical Temple
  3162 | Temple   | 3162 ||| PLANNING OKAWARU WORSHIP
  3303 | Temple   | Became a worshipper of Warmaster Okawaru
  3304 | Temple   | 3304 ||| PLANNING D:1-11
  3329 | D:4      | HP: 3/30 [orc priest/divine providence (11)]
  3330 | D:4      | 3330 ||| READING scroll of teleportation.
  3331 | D:4      | 3331 ||| DRINKING potion of heal wounds.
  3334 | D:4      | Noticed Natasha
  3351 | D:4      | Killed Natasha
  3352 | D:4      | Reached skill level 1 in Armour
  3404 | D:4      | Reached skill level 3 in Fighting
  3404 | D:4      | Reached XP level 6. HP: 26/37 MP: 7/7
  3473 | D:4      | Found a shimmering blue altar of Sif Muna.
  3473 | D:4      | Found an ancient bone altar of Kikubaaqudgha.
  3520 | D:4      | 3520 ||| Stepping ~*~*~tactically~*~*~ (outnumbered).
  3522 | D:4      | 3522 ||| Stepping ~*~*~tactically~*~*~ (outnumbered).
  3562 | D:4      | Reached * piety under Okawaru
  3576 | D:4      | 3576 ||| INVOKING Heroism.
  3581 | D:4      | HP: 7/37 [orc wizard/magic dart (6)]
  3583 | D:4      | Reached skill level 6 in Ranged Weapons
  3683 | D:4      | 3683 ||| FLEEEEING.
  3814 | D:4      | Noticed Natasha
  3819 | D:4      | Killed Natasha
  3866 | D:4      | Noticed Natasha
  3867 | D:4      | 3867 ||| INVOKING Heroism.
  3877 | D:4      | Killed Natasha
  3878 | D:4      | Reached XP level 7. HP: 39/43 MP: 6/8
  3935 | D:4      | Noticed Robin
  3945 | D:4      | 3945 ||| INVOKING Heroism.
  3962 | D:4      | Killed Robin
  3963 | D:4      | 3963 ||| FLEEEEING.
  3969 | D:4      | 3969 ||| FLEEEEING.
  3970 | D:4      | 3970 ||| FLEEEEING.
  3971 | D:4      | 3971 ||| FLEEEEING.
  3972 | D:4      | 3972 ||| FLEEEEING.
  3973 | D:4      | 3973 ||| FLEEEEING.
  3974 | D:4      | 3974 ||| FLEEEEING.
  3975 | D:4      | 3975 ||| FLEEEEING.
  3976 | D:4      | 3976 ||| FLEEEEING.
  3977 | D:4      | 3977 ||| FLEEEEING.
  3978 | D:4      | 3978 ||| FLEEEEING.
  3979 | D:4      | 3979 ||| FLEEEEING.
  3980 | D:4      | 3980 ||| FLEEEEING.
  3981 | D:4      | 3981 ||| FLEEEEING.
  3985 | D:4      | 3985 ||| FLEEEEING.
  3989 | D:4      | 3989 ||| FLEEEEING.
  3990 | D:4      | 3990 ||| FLEEEEING.
  3998 | D:4      | 3998 ||| FLEEEEING.
  4090 | D:4      | Noticed Grinder
  4100 | D:4      | Paralysed by Grinder for 3 turns
  4114 | D:4      | Killed Grinder
  4115 | D:4      | Reached skill level 7 in Ranged Weapons
  4322 | D:4      | 4322 ||| UPGRADING to +0 helmet.
  4327 | D:4      | 4327 ||| READING scroll labelled GIPIF BACEO.
  4328 | D:4      | 4328 ||| DRINKING 3 orange potions.
  4329 | D:4      | 4329 ||| READING 2 scrolls of identify.
  4329 | D:4      | 4329 ||| IDENTIFYING bubbling golden potion
  4330 | D:4      | 4330 ||| DROPPING potion of invisibility.
  4353 | D:5      | Entered Level 5 of the Dungeon
  4451 | D:5      | Reached skill level 1 in Invocations
  4572 | D:5      | Reached XP level 8. HP: 39/48 MP: 9/9
  4623 | D:5      | 4623 ||| INVOKING Heroism.
  4625 | D:5      | Noticed Ijyb
  4641 | D:5      | 4641 ||| INVOKING Heroism.
  4642 | D:5      | 4642 ||| DRINKING 2 potions of curing.
  4642 | D:5      | 4642 ||| (to cure confusion)
  4647 | D:5      | Killed Ijyb
  4785 | D:5      | Reached skill level 3 in Invocations
  5320 | D:5      | 5320 ||| READING scroll labelled QIULYTZ HOSKIO.
  5321 | D:5      | 5321 ||| DRINKING 2 fuming green potions.
  5322 | D:5      | 5322 ||| READING 2 scrolls of identify.
  5322 | D:5      | 5322 ||| IDENTIFYING fizzy inky potion
  5323 | D:5      | 5323 ||| DROPPING potion of degeneration.
  5679 | D:6      | 5679 ||| INVOKING Heroism.
  5762 | D:6      | 5762 ||| INVOKING Heroism.
  5772 | D:6      | Reached skill level 8 in Ranged Weapons
  5879 | D:6      | 5879 ||| DRINKING potion of curing.
  5879 | D:6      | 5879 ||| (to cure confusion)
  6024 | D:6      | You fall into a shaft and drop 1 floor!
  6061 | D:7      | 6061 ||| INVOKING Heroism.
  6140 | D:7      | 6140 ||| INVOKING Heroism.
  6304 | D:7      | Reached skill level 9 in Ranged Weapons
  6304 | D:7      | Reached XP level 9. HP: 54/54 MP: 12/12
  6312 | D:7      | 6312 ||| INVOKING Heroism.
  6396 | D:7      | Reached skill level 3 in Armour
  6416 | D:7      | 6416 ||| INVOKING Heroism.
  6430 | D:7      | Reached skill level 6 in Fighting
  6499 | D:7      | 6499 ||| SWAPPING to +0 shortbow.
  6500 | D:7      | 6500 ||| DROPPING +3 sling.
  6650 | D:7      | Noticed a two-headed ogre
  6651 | D:7      | 6651 ||| INVOKING Heroism.
  6669 | D:7      | Killed a two-headed ogre
  6670 | D:7      | Reached skill level 10 in Ranged Weapons
  6761 | D:7      | 6761 ||| Stepping ~*~*~tactically~*~*~ (outnumbered).
  6767 | D:7      | 6767 ||| INVOKING Heroism.
  6856 | D:7      | 6856 ||| READING 2 scrolls labelled ROXZAN OKONNAM.
  6857 | D:7      | 6857 ||| READING scroll labelled PEEN XASAC.
  6857 | D:7      | Identified a scroll of acquirement
  6857 | D:7      | 6857 ||| ACQUIRING +2 pair of boots of Fortification
                  | {rElec}
  6857 | D:7      | Acquired the +2 pair of boots of Fortification {rElec}
  6859 | D:7      | 6859 ||| UPGRADING to +2 pair of boots of Fortification
                  | {rElec}.
  6869 | D:7      | 6869 ||| DROPPING +0 pair of boots.
  6870 | D:7      | 6870 ||| READING scroll labelled NAULOI YQYL.
  6871 | D:7      | 6871 ||| DRINKING 2 puce potions.
  6872 | D:7      | 6872 ||| READING 2 scrolls of identify.
  6872 | D:7      | 6872 ||| IDENTIFYING fuming dark potion
  6873 | D:7      | 6873 ||| DROPPING potion of ambrosia.
  6874 | D:7      | 6874 ||| DROPPING scroll of vulnerability.
  6967 | D:6      | 6967 ||| READING scroll of acquirement.
  6967 | D:6      | 6967 ||| ACQUIRING +2 hand crossbow of flaming
  6967 | D:6      | Acquired a +2 hand crossbow of flaming
  6969 | D:6      | 6969 ||| SWAPPING to +2 hand crossbow of flaming.
  6970 | D:6      | 6970 ||| DROPPING +0 shortbow.
  7049 | D:6      | Found a hide-covered altar of Uskayaw.
  7135 | D:6      | 7135 ||| READING 2 scrolls of identify.
  7135 | D:6      | 7135 ||| IDENTIFYING smoky amethyst potion
  7163 | D:7      | 7163 ||| INVOKING Heroism.
  7216 | D:7      | Found an opulent altar of Gozag.
  7592 | D:8      | Found a stormy altar of Qazlal.
  7592 | D:8      | Found a burning altar of Makhleb.
  7592 | D:8      | Found a shimmering altar of Xom.
  7649 | D:8      | Identified the +6 scale mail "Ugguawn" {rPois Regen+ Str+3
                  | Int+3}
  7686 | D:8      | Found Uhagitev's Book Emporium.
  7690 | D:8      | 7690 ||| INVOKING Heroism.
  7705 | D:8      | Found Cineifra's Armour Shoppe.
  7706 | D:8      | Found Zuomul's Antique Weapon Shop.
  7706 | D:8      | Found Zuryr's Jewellery Boutique.
  7709 | D:8      | Found Hedyuf's Assorted Antiques.
  7714 | D:8      | 7714 ||| BUYING +2 cloak (231 gold).
  7714 | D:8      | Bought a +2 cloak for 231 gold pieces
  7723 | D:8      | 7723 ||| SHOPLISTING potion of mutation (176 gold, have
                  | 174).
  7723 | D:8      | 7723 ||| BUYING scroll labelled KUTUMO GOAQI (22 gold).
  7723 | D:8      | Bought a scroll labelled KUTUMO GOAQI for 22 gold pieces
  7723 | D:8      | 7723 ||| BUYING scroll of teleportation (66 gold).
  7723 | D:8      | Bought a scroll of teleportation for 66 gold pieces
  7735 | D:8      | 7735 ||| SHOPLISTING +4 ring of slaying (1014 gold, have
                  | 86).
  7735 | D:8      | 7735 ||| SHOPLISTING +6 ring of dexterity (468 gold, have
                  | 86).
  7735 | D:8      | 7735 ||| SHOPLISTING ring of positive energy (260 gold,
                  | have 86).
  7735 | D:8      | 7735 ||| SHOPLISTING ring of see invisible (195 gold, have
                  | 86).
  7735 | D:8      | 7735 ||| SHOPLISTING ring of willpower (325 gold, have 86).
  7883 | D:8      | Reached XP level 10. HP: 63/63 MP: 13/13
  8060 | D:8      | Reached skill level 11 in Ranged Weapons
  8330 | D:8      | 8330 ||| UPGRADING to +2 cloak.
  8335 | D:8      | 8335 ||| UPGRADING to +6 ring of dexterity.
  8336 | D:8      | 8336 ||| READING scroll labelled KUTUMO GOAQI.
  8369 | D:9      | 8369 ||| STAIRDANCE
  8434 | D:9      | Reached skill level 3 in Dodging
  8436 | D:9      | 8436 ||| INVOKING Heroism.
  8489 | D:9      | Noticed a deep elf pyromancer
  8490 | D:9      | Killed a deep elf pyromancer
  8490 | D:9      | Reached ** piety under Okawaru
  8518 | D:9      | 8518 ||| INVOKING Heroism.
  8627 | D:9      | Found a snail-covered altar of Cheibriados.
  8635 | D:9      | Noticed Psyche
  8636 | D:9      | 8636 ||| INVOKING Heroism.
  8637 | D:9      | 8637 ||| FLEEEEING.
  8638 | D:9      | 8638 ||| FLEEEEING.
  8639 | D:9      | 8639 ||| FLEEEEING.
  8640 | D:9      | 8640 ||| FLEEEEING.
  8642 | D:9      | 8642 ||| FLEEEEING.
  8644 | D:9      | 8644 ||| FLEEEEING.
  8645 | D:9      | 8645 ||| FLEEEEING.
  8646 | D:9      | 8646 ||| FLEEEEING.
  8647 | D:9      | 8647 ||| FLEEEEING.
  8648 | D:9      | 8648 ||| FLEEEEING.
  8649 | D:9      | 8649 ||| FLEEEEING.
  8650 | D:9      | 8650 ||| FLEEEEING.
  8651 | D:9      | 8651 ||| FLEEEEING.
  8652 | D:9      | 8652 ||| FLEEEEING.
  8653 | D:9      | 8653 ||| FLEEEEING.
  8654 | D:9      | 8654 ||| FLEEEEING.
  8655 | D:9      | 8655 ||| FLEEEEING.
  8656 | D:9      | 8656 ||| FLEEEEING.
  8657 | D:9      | 8657 ||| FLEEEEING.
  8658 | D:9      | 8658 ||| FLEEEEING.
  8659 | D:9      | 8659 ||| FLEEEEING.
  8660 | D:9      | 8660 ||| FLEEEEING.
  8662 | D:9      | 8662 ||| STAIRDANCE
  8714 | D:8      | 8714 ||| DRINKING 2 amethyst potions.
  8715 | D:8      | 8715 ||| READING 2 scrolls of identify.
  8715 | D:8      | 8715 ||| IDENTIFYING murky yellow potion
  8716 | D:8      | 8716 ||| DROPPING potion of attraction.
  8717 | D:8      | 8717 ||| DROPPING potion of brilliance.
  8720 | D:9      | 8720 ||| STAIRDANCE
  8747 | D:9      | 8747 ||| STAIRDANCE
  8859 | D:9      | 8859 ||| INVOKING Heroism.
  8863 | D:9      | Killed Psyche
  8935 | D:9      | Found a staircase to the Lair.
  8938 | D:9      | 8938 ||| Stepping ~*~*~tactically~*~*~ (outnumbered).
  8952 | D:9      | Reached skill level 12 in Ranged Weapons
  9178 | D:9      | Noticed a kobold demonologist
  9181 | D:9      | Killed a kobold demonologist
  9294 | D:9      | 9294 ||| PLANNING LAIR
  9294 | D:9      | 9294 ||| UPGRADING to +2 robe of fire resistance.
  9304 | D:9      | 9304 ||| DROPPING +0 ring mail.
  9305 | D:9      | 9305 ||| DRINKING 3 silvery potions.
  9318 | Lair:1   | Entered Level 1 of the Lair of Beasts
  9323 | Lair:1   | Noticed Harold
  9324 | Lair:1   | 9324 ||| INVOKING Heroism.
  9325 | Lair:1   | Noticed Erica
  9327 | Lair:1   | 9327 ||| Stepping ~*~*~tactically~*~*~ (outnumbered).
  9329 | Lair:1   | 9329 ||| Stepping ~*~*~tactically~*~*~ (outnumbered).
  9336 | Lair:1   | Killed Harold
  9336 | Lair:1   | Reached *** piety under Okawaru
  9338 | Lair:1   | Killed Erica
  9339 | Lair:1   | Reached XP level 11. HP: 66/68 MP: 14/14
  9371 | Lair:1   | Found a runed translucent gate.
  9372 | Lair:1   | Found a runed translucent gate.
  9373 | Lair:1   | Found a runed translucent gate.
  9457 | Lair:1   | Noticed qw's ghost (journeyman GrHu)
  9527 | Lair:1   | 9527 ||| INVOKING Heroism.
  9602 | Lair:1   | 9602 ||| INVOKING Heroism.
  9630 | Lair:1   | 9630 ||| INVOKING Heroism.
  9636 | Lair:1   | Reached skill level 13 in Ranged Weapons
  9636 | Lair:1   | Reached **** piety under Okawaru
  9809 | Lair:1   | 9809 ||| INVOKING Heroism.
  9813 | Lair:1   | Received a gift from Okawaru
  9898 | Lair:1   | Reached skill level 9 in Fighting
  9969 | Lair:1   | Noticed Nergalle
  9970 | Lair:1   | 9970 ||| INVOKING Heroism.
  9979 | Lair:1   | Killed Nergalle
 10181 | Lair:1   | 10181 ||| INVOKING Heroism.
 10213 | Lair:1   | 10213 ||| INVOKING Heroism.
 10222 | Lair:1   | Reached skill level 6 in Invocations
 10374 | Lair:1   | 10374 ||| DROPPING ring of resist corrosion.
 10375 | Lair:1   | 10375 ||| READING scroll labelled MOQYZX OM GIE.
 10376 | Lair:1   | 10376 ||| READING scroll labelled WYEH NEPNU.
 10443 | Lair:2   | 10443 ||| INVOKING Heroism.
 10483 | Lair:2   | Noticed a death yak
 10484 | Lair:2   | 10484 ||| INVOKING Heroism.
 10485 | Lair:2   | Noticed a death yak
 10492 | Lair:2   | Killed a death yak
 10498 | Lair:2   | HP: 17/71 [death yak (7)]
 10498 | Lair:2   | Noticed a death yak
 10499 | Lair:2   | 10499 ||| READING 3 scrolls of teleportation.
 10500 | Lair:2   | Killed a death yak
 10500 | Lair:2   | Noticed a death yak
 10503 | Lair:2   | 10503 ||| READING 2 scrolls of teleportation.
 10506 | Lair:2   | Reached XP level 12. HP: 11/76 MP: 17/17
 10506 | Lair:2   | 10506 ||| READING scroll of teleportation.
 10520 | Lair:2   | 10520 ||| INVOKING Heroism.
 10581 | Lair:2   | 10581 ||| INVOKING Heroism.
 10808 | Lair:2   | Noticed a death yak
 10817 | Lair:2   | 10817 ||| INVOKING Heroism.
 10825 | Lair:2   | Killed a death yak
 10830 | Lair:2   | HP: 18/76 [death yak (14)]
 10831 | Lair:2   | 10831 ||| READING scroll of teleportation.
 10831 | Lair:2   | Slain by a death yak

Levels and vault maps discovered:
D:1:      dpeg_arrival_short_road, layout_basic, minmay_split_cup_small
D:2:      layout_loops_corners, basic_altar, shapermc_ecumenical_altar_ellora,
          grunt_ministairs_11, wad_orctagon, uniq_crazy_yiuf_cottage
D:3:      layout_basic, nicolae_hepliaklqana_hazy_memory, serial_shops,
          nicolae_shop_waterfront
D:4:      cheibrodos_old_hovel, layout_loops_ring,
          gammafunk_temple_overflow_elements, minmay_temple_entry_slanted,
          uniq_natasha, uniq_robin, uniq_grinder
D:5:      layout_basic, uniq_ijyb
D:6:      layout_cave_pools, marbit_many_paths, serial_demonic,
          serial_demonic_d, serial_demonic_e, serial_demonic_b,
          serial_demonic_c, water_maze_lemuel
D:7:      layout_loops_corners, grunt_gozag_breadcrumbs,
          corexii_leaking_fountain, nrook_campfire, minmay_manual_mess
D:8:      layout_gridville, gammafunk_temple_overflow_claw,
          nicolae_shop_national_dungeon_mall
D:9:      layout_long_grid, mainiacjoe_overflow_six_doors_small,
          erik_lair_orcish_takeover, uniq_psyche
Temple:   hellmonk_temple_forest_ring
Lair:1:   layout_regular_city, gammafunk_ghost_split, serial_bayou_shore_b,
          serial_bayou_shore_a, uniq_nergalle, uniq_erica, uniq_harold
Lair:2:   layout_big_grid, minmay_shoals_entry_centaurs,
          nicolae_spider_entry_non_spiders, fungi_pond_lemuel,
          wad_woods_road_04, lemuel_fruit_fields

Skill      XL: |  1  2  3  4  5  6  7  8  9 10 11 |
---------------+----------------------------------+-----
Ranged Weapons | 3 4 5 6 7 9 10 12 13 | 13.9
Fighting       | 2 3 4 5 7 8 9 |  9.0
Armour         | 1 2 3 5 |  5.3
Invocations    | 2 4 7 |  7.9
Dodging        | 2 5 |  5.4
Spellcasting   | |  1.0
Hexes          | |  2.6

Action                     |  1- 3 |  4- 6 |  7- 9 | 10-12 || total
---------------------------+-------+-------+-------+-------++-------
   Fire: Sling             |   125 |   250 |   348 |       ||   723
         Shortbow          |       |       |    60 |       ||    60
         Hand crossbow     |       |       |    33 |   250 ||   283
 Invoke: Heroism           |       |     2 |    13 |    17 ||    32
    Use: Scroll            |     3 |     5 |    10 |     8 ||    26
         Potion            |     1 |     4 |     5 |     2 ||    12
 Armour: Robe              |     8 |       |       |    32 ||    40
         Leather armour    |       |     8 |       |       ||     8
         Skin              |       |     1 |       |       ||     1
         Ring mail         |       |    72 |   163 |    23 ||   258
  Dodge: Dodged            |    43 |   174 |   289 |   179 ||   685

Table legend:
 A = Non-vault XP
 B = Vault XP
 C = Vault XP percentage of total XP
 D = Non-vault monster count
 E = Vault monster count
 F = Vault count percentage of total count
                 A         B        C        D         E       F
            +---------+---------+-------+---------+---------+-------
      Total |   15948 |    4455 |  21.8 |     197 |      50 |  20.2
            +---------+---------+-------+---------+---------+-------
        D:1 |      34 |       4 |  10.5 |      19 |       3 |  13.6
        D:2 |      38 |      19 |  33.3 |      16 |       6 |  27.3
        D:3 |      40 |       0 |   0.0 |      20 |       0 |   0.0
        D:4 |     459 |     331 |  41.9 |      28 |      12 |  30.0
        D:5 |     485 |      36 |   6.9 |      19 |       1 |   5.0
        D:6 |     549 |     123 |  18.3 |      10 |       8 |  44.4
        D:7 |    1725 |     479 |  21.7 |      17 |       6 |  26.1
        D:8 |     896 |       0 |   0.0 |      12 |       0 |   0.0
        D:9 |    1696 |     971 |  36.4 |      18 |       9 |  33.3
     Lair:1 |    5430 |    2488 |  31.4 |      28 |       3 |   9.7
     Lair:2 |    4596 |       4 |   0.1 |      10 |       2 |  16.7
            +---------+---------+-------+---------+---------+-------
